AoeStats
← alejobr0790

Arabia

510420606Analyzed
4v4 RM · 18h ago on Sep 30, 2026· 38m 10s· 8 players
Game mode
Random Map
Map size
Large (8 player)
Population
200
Speed
Normal
Resources
Standard
Victory
Conquest
Starting age
Dark Age
Ending age
Imperial Age
RankedLock teamsTeams togetherTeam positionsShared explorationLock speedFull tech treeHidden civsTurbo modeCheats
Victory
Defeat
🇵🇪 Persians · Peru
1053
+14
🇨🇱 Magyars · Chile
1050
+14
🇨🇳 Franks · China
1026
+15
🇯🇵 Khmer · Japan
997
+16
🇨🇴 Persians · Colombia
1059
-17
🇨🇴 Khmer · Colombia
1004
-15
🇨🇴 Poles · Colombia
988
-14
🇨🇴 Magyars · Colombia
949
-13
人在阵地在
11:46 Feudal Age
14:49 Scale Barding Armor
21:08 Castle Age
19:16 Gold Mining
21:04 Double-Bit Axe
25:17 Bow Saw
32:23 Husbandry
36:44 Chain Barding Armor
37:39 Wheelbarrow
39:00 Forging
Strong
2:51 Loom
TVHG.hadess
8:32 Loom
10:17 Feudal Age
11:53 Double-Bit Axe
18:00 Scale Barding Armor
25:01 Castle Age
23:14 Bloodlines
23:35 Gold Mining
23:27 Horse Collar
25:51 Wheelbarrow
26:01 Husbandry
31:08 Bow Saw
31:55 Fervor
39:45 Imperial Age
38:41 Chain Barding Armor
HD
2:34 Loom
12:25 Feudal Age
15:40 Castle Age
13:29 Horse Collar
15:51 Double-Bit Axe
16:04 Gold Mining
22:14 Heavy Plow
22:18 Arson
24:48 Wheelbarrow
25:52 Hand Cart
28:46 Husbandry
28:48 Stone Mining
29:20 Scale Barding Armor
29:26 Forging
32:41 Imperial Age
30:47 Bloodlines
31:30 Chain Barding Armor
31:10 Murder Holes
32:34 Gold Shaft Mining
32:11 Bow Saw
33:23 Stone Shaft Mining
33:55 Iron Casting
34:19 Tusk Swords
34:41 Conscription
37:52 Plate Barding Armor
38:18 Blast Furnace
Alkimista666
1:09 Loom
10:19 Feudal Age
16:29 Castle Age
15:23 Double-Bit Axe
28:31 Husbandry
36:05 Corvinian Army
36:52 Scale Mail Armor
alejobr0790
10:51 Feudal Age
16:06 Castle Age
15:01 Double-Bit Axe
16:07 Gold Mining
21:01 Scale Barding Armor
20:57 Scale Mail Armor
35:15 Pikeman
divineslain
11:15 Feudal Age
13:21 Double-Bit Axe
17:05 Castle Age
25:59 Bow Saw
JoseAli
7:48 Loom
13:35 Feudal Age
18:43 Feudal Age
26:44 Castle Age
31:57 Wheelbarrow
34:51 Town Watch
36:50 Double-Bit Axe
Connection lost

Rejoining the realm…

Still unreachable

The connection could not be restored.

Session expired

The server has moved on; the page needs a fresh start.